 Dungeon Crawl Stone Soup version 0.31-a0-875-g02e7d12df6 (console) character file.

Game seed: 4335517181198203007

23522 petzl the Thaumaturge (level 13, -2/98 HPs)
             Began as a Formicid Delver on Oct 12, 2023.
             Was an Elder of Vehumet.
             Slain by a small abomination (13 damage)
             ... on level 5 of the Lair of Beasts on Oct 13, 2023.
             The game lasted 01:54:33 (17780 turns).

petzl the Thaumaturge (Formicid Delver)            Turns: 17780, Time: 01:54:34

Health: -2/98      AC:  9    Str: 14    XL:     13   Next: 35%
Magic:  36/36      EV: 12    Int: 14    God:    Vehumet [****..]
Gold:   231        SH:  0    Dex: 15    Spells: 20/32 levels left

rFire   + + +        d - +3 flail (protect)
rCold   . . .        (no shield)
rNeg    . . .        g - +0 ring mail "Qoul" {rF++ Regen+}
rPois   +            (helmet unavailable)
rElec   +            q - +0 cloak
rCorr   .            N - +0 pair of gloves
SInv    +            A - +0 pair of boots
Will    +++..        (no amulet)
Stlth   +++          s - ring of Voupolei {rElec rPois rF+ Will++ Str-4}
HPRegen 1.16/turn    n - ring of magical power
MPRegen 0.25/turn

%: no passive effects
@: no status effects
A: permanent stasis, dig shafts and tunnels, antennae 3, four strong arms
a: Dig, Shaft Self, Renounce Religion


You were on level 5 of the Lair of Beasts.
You worshipped Vehumet.
Vehumet was greatly pleased with you.
You visited 4 branches of the dungeon, and saw 21 of its levels.
You also visited: Bailey.

You collected 1552 gold pieces.
You spent 1321 gold pieces at shops.

Inventory:

Hand Weapons
 a - a +3 quarterstaff of chaos
 b - a +1 arbalest of draining
 c - the +9 sword of Zonguldrok {reap}
   (You bought it in a shop on level 3 of the Dungeon)
 d - a +3 flail of protection (weapon)
 e - a +1 short sword of venom
 f - the +8 whip "Snakebite" {venom, curare, rPois}
   (You found it on level 2 of the Lair of Beasts)

   rPois:     It protects you from poison
 x - a +2 scimitar of flaming
 P - the +3 long sword "Ifyreca" {freeze, rElec Will+ Str+2}
   (You found it on level 1 of the Lair of Beasts)

   Str+2:     It affects your strength (+2).
   rElec:     It insulates you from electricity.
   Will+:     It increases your willpower.
 S - a +3 orcbow
Missiles
 k - 13 boomerangs
 F - 36 poisoned darts (quivered)
Armour
 g - the +0 ring mail "Qoul" (worn) {rF++ Regen+}
   (You found it on level 5 of the Dungeon)

   rF++:      It greatly protects you from fire.
   Regen+:    It increases your rate of health regeneration.
 q - a +0 cloak (worn)
 A - a +0 pair of boots (worn)
 G - an orb of guile
 N - a +0 pair of gloves (worn)
Magical Staves
 H - a staff of conjuration
Jewellery
 n - a ring of magical power (right hand)
 s - the ring of Voupolei (left hand) {rElec rPois rF+ Will++ Str-4}
   (You found it on level 2 of the Dungeon)

   [ring of poison resistance]

   Str-4:     It affects your strength (-4).
   rF+:       It protects you from fire.
   rElec:     It insulates you from electricity.
   rPois:     It protects you from poison Will++: It greatly increases your
   willpower.
 u - a ring of positive energy
 C - a ring of willpower
 E - a +6 ring of strength
 L - a ring of willpower
 M - a ring of resist corrosion
Wands
 y - a wand of acid (4)
 J - a wand of flame (25)
 K - a wand of digging (1)
 Q - a wand of paralysis (1)
Scrolls
 i - 2 scrolls of enchant armour
 l - 4 scrolls of immolation
 p - 3 scrolls of amnesia
 B - 4 scrolls of fog
 I - a scroll of silence
 T - a scroll of vulnerability
Potions
 j - 2 potions of curing
 m - 3 potions of brilliance
 t - 5 potions of enlightenment
 v - a potion of might {unknown}
 z - 2 potions of attraction {unknown}
 D - 2 potions of lignification {unknown}
 O - 2 potions of mutation {unknown}
 W - a potion of invisibility {unknown}
 Y - a potion of magic {unknown}
Miscellaneous
 o - a sack of spiders (inert)
 R - a lightning rod (inert)


   Skills:
 + Level 7.9 Fighting
 + Level 5.3 Long Blades
 - Level 2.0(2.6) Maces & Flails
 - Level 2.6(3.0) Staves
 + Level 5.5 Ranged Weapons
 - Level 5.0 Armour
 + Level 4.5 Dodging
 - Level 8.0 Stealth
 - Level 10.2 Spellcasting
 + Level 7.0 Conjurations
 * Level 8.4 Translocations
 - Level 6.0 Ice Magic
 + Level 2.0 Air Magic
 - Level 3.0 Evocations


You had 20 spell levels left.
You knew the following spells:

 Your Spells              Type           Power      Damage    Failure   Level
a - Iskenderun's Mystic   Conj/Tloc      28%        2d7       2%          4
b - Hailstorm             Conj/Ice       25%        3d7       1%          3
c - Shock                 Conj/Air       76%        1d7       1%          1
p - Passage of Golubria   Tloc           30%        N/A       6%          4

Your spell library contained the following spells:

 Spells                   Type           Power      Damage    Failure   Level
 Ignite Poison            Fire/Tmut/Pois 7%         N/A       16%         3
 Freeze                   Ice            92%        1d9       1%          1
 Frozen Ramparts          Ice            46%        1d7       1%          3
 Ensorcelled Hibernation  Hex/Ice        30%        N/A       9%          2
 Necrotise                Necr           28%        1d5       21%         1
 Slow                     Hex            28%        N/A       21%         1
 Passwall                 Tmut/Erth      5%         N/A       30%         2
 Confusing Touch          Hex            7%         N/A       52%         3
 Sigil of Binding         Hex            7%         N/A       52%         3
 Vampiric Draining        Necr           7%         2d6       52%         3
 Animate Dead             Necr           7%         N/A       89%         4
 Ozocubu's Refrigeration  Ice            11%        4d10      96%         7
 Silence                  Hex/Air        5%         N/A       98%         5
 Agony                    Necr           7%         N/A       99%         5
 Simulacrum               Ice/Necr       7%         N/A       100%        6
 Haunt                    Necr/Summ      3%         N/A       100%        7
 Infestation              Necr           3%         N/A       100%        8
 Lehudib's Crystal Spear  Conj/Erth      8%         10d4      100%        8
 Polar Vortex             Ice            11%        12d1*     100%        9
 Swiftness                Air            Unusable   N/A       N/A         3

Dungeon Overview and Level Annotations

Branches:
Dungeon (13/15)            Temple (1/1) D:6            Lair (5/5) D:9
 Shoals (0/4) Lair:2       Spider (0/4) Lair:2          Orc (2/2) D:9
 Bailey (visited)
  Slime: Lair:4-5       Elf: Orc:2       Vaults: D:13-14

Altars:
Ashenzari
Cheibriados
Dithmenos
Elyvilon
Fedhas
Gozag
Hepliaklqana
Kikubaaqudgha
Makhleb
Nemelex Xobeh
Okawaru
Qazlal
Ru
Sif Muna
Trog
Uskayaw
Vehumet
Wu Jian
Xom
Yredelemnul
Zin
The Shining One

Shops:
D:2 *   D:3 (   D:11 *

Annotations:
D:5 3 runed translucent doors, exclusion: downstairs, deremet's ghost, weakling GnDe
D:7 exclusion: downstairs
D:10 exclusion: downstairs
D:12 exclusions: cyclops and downstairs
Lair:3 exclusions: boulder beetle and elephant
Lair:5 exclusion: blink frog


Innate Abilities, Weirdness & Mutations

You cannot be hasted, slowed, berserked, paralysed or teleported.
You can dig through walls and to a lower floor.
You have a pair of large antennae on your head. (SInv)
Your four strong arms can wield two-handed weapons with a shield.


Message History

The small abomination hits you but does no damage.
The ufetubus is engulfed in poison gas.
The ufetubus looks even sicker.
You kill the ufetubus!
The ufetubus disappears in a puff of smoke!
The ufetubus hits you but does no damage.
The ufetubus closely misses you. The ynoxinul closely misses you.
Okay, then.
Unknown command.
Unknown command.
Unknown command.
Okay, then.
Okay, then.
Press: ? - help, v - describe, . - travel
Here: a small abomination (lightly damaged)
The floor, spattered with blood.
Unknown command.
Unknown command.
Unknown command.
Okay, then.
Unknown command.
Unknown command.
Okay, then.
Okay, then.
Unknown command.
You feel better.
The ufetubus hits you but does no damage. x2
The blink frog looks even sicker.
The small abomination hits you.
* * * LOW HITPOINT WARNING * * *
The ynoxinul hits you.
* * * LOW HITPOINT WARNING * * *
The ufetubus hits you.
* * * LOW HITPOINT WARNING * * *
The ufetubus barely misses you.
Okay, then.
You reach into the sack... ...and things crawl out!
The ufetubus is caught in a web!
The blink frog is caught in a web!
The ynoxinul evades a web.
The small abomination evades a web.
The sack is emptied!
The ynoxinul hits you!
* * * LOW HITPOINT WARNING * * *
The small abomination hits you!
You die...

♣..○° ♣.○°,
°... ♣.÷°
♣F5♣♣ 5x5♣
♣...
♣♣♣35♣♣♣...
♣.♣@♣ ♣..x♣
♣sxs♣♣♣{.x
♣♣♣ls♣♣..♣
♣°..♣..
♣♣°.F.♣♣♣
♣..○l.♣♣...
♣♣♣.......♣
♣♣♣♣♣.♣♣♣ ♣


You could see a basilisk (ally target), 2 blink frogs, a ynoxinul, 2 small
abominations, 4 ufetubi, a friendly redback (summoned) and 2 friendly scorpions.

Vanquished Creatures
  Erica (D:8)
  3 boulder beetles
  Lodul (D:10)
  Pikel (D:5)
  4 black mambas (Lair:2)
  A cyclops (D:11)
  7 cane toads
  2 rime drakes
  3 komodo dragons
  2 trolls
  A polar bear (Lair:4)
  A blink frog (Lair:5)
  Prince Ribbit (D:8)
  A shadow (D:10)
  A wraith (D:10)
  A wyvern (D:9)
  24 yaks
  A small abomination (Lair:5)
  2 redbacks (Lair:2)
  4 basilisks
  10 water moccasins
  5 orc warriors
  2 sky beasts
  A hornet zombie (D:8)
  4 ice beasts
  A swamp drake (D:9)
  A black bear (Lair:1)
  15 wolves
  11 ogres
  6 centaurs
  2 phantoms
  4 lemures
  4 kobold brigands
  6 bullfrogs
  A wyvern zombie (D:8)
  7 gnoll sergeants (Bailey)
  A scorpion (D:4)
  5 wights
  3 howler monkeys (D:7)
  3 centaur zombies (D:8)
  6 hounds
  7 orc priests
  A human zombie (D:8)
  Crazy Yiuf (D:3)
  6 gnoll boudas (Bailey)
  A sleepcap (D:6)
  4 iguanas
  Terence (D:3)
  11 orc wizards
  3 killer bee zombies (D:8)
  A mummy (D:8)
  A howler monkey zombie (D:8)
  17 gnolls
  10 adders
  3 shadow imps (D:7)
  A worm (D:3)
  3 dart slugs
  47 orcs
  3 ball pythons
  6 endoplasms
  17 goblins
  6 hobgoblins
  6 jackals (D:2)
  5 quokkas
  4 bats
  27 kobolds
  4 rats
356 creatures vanquished.

Vanquished Creatures (collateral kills)
  A black mamba (Lair:2)
  A komodo dragon (Lair:2)
  A polar bear (Lair:2)
  3 water moccasins (Lair:2)
  2 centaurs (Lair:2)
8 creatures vanquished.

Vanquished Creatures (others)
  A black mamba zombie (Lair:2)
  A water moccasin zombie (Lair:2)
  2 yak zombies (Lair:2)
  A wolf zombie (Lair:1)
  A bullfrog zombie (Lair:2)
  2 centaur zombies (Lair:2)
  3 adder zombies (Lair:2)
11 creatures vanquished.

Grand Total: 375 creatures vanquished

Notes
Turn   | Place    | Note
-------+----------+-------------------------------------------
     0 | D:5      | petzl the Formicid Delver began the quest for the Orb.
     0 | D:5      | Reached XP level 1. HP: 18/18 MP: 1/1
    20 | D:6      | Found a staircase to the Ecumenical Temple.
    20 | D:6      | Noticed a sleepcap
    88 | D:6      | Noticed a hound
   107 | D:6      | Killed a hound
   108 | D:6      | Reached skill level 2 in Spellcasting
   108 | D:6      | Reached XP level 2. HP: 18/24 MP: 1/5
   108 | D:6      | Reached XP level 3. HP: 22/29 MP: 1/7
   163 | D:6      | Noticed a phantom
   197 | D:5      | Identified the +0 ring mail "Qoul" {rF++ Regen+}
   221 | D:5      | Reached skill level 3 in Spellcasting
   256 | D:7      | Reached XP level 4. HP: 18/35 MP: 8/8
   276 | D:8      | Noticed a kobold brigand
   507 | D:5      | Found an opulent altar of Gozag.
   544 | D:5      | Reached skill level 4 in Spellcasting
   629 | D:5      | Noticed an ogre
   676 | D:4      | Reached XP level 5. HP: 37/41 MP: 11/11
   797 | D:4      | Reached skill level 5 in Spellcasting
   842 | D:4      | Reached XP level 6. HP: 47/47 MP: 14/14
   933 | D:3      | Found Uniuhao's Weapon Boutique.
  1119 | D:2      | Identified the ring of Voupolei {rElec rPois rF+ Will++
                  | Str-4}
  1398 | D:2      | Found Peza's General Store.
  1406 | D:2      | Bought a potion of curing for 33 gold pieces
  1905 | D:1      | Found a faded altar of an unknown god.
  2557 | D:3      | Noticed Terence
  2669 | D:3      | Noticed an ogre
  2707 | D:3      | Bought 5 curare-tipped darts for 78 gold pieces
  2727 | D:3      | Killed an ogre
  2728 | D:3      | Reached skill level 6 in Spellcasting
  2797 | D:3      | Killed Terence
  2798 | D:3      | Reached XP level 7. HP: 50/52 MP: 16/16
  2932 | D:3      | Found a runed translucent door.
  2933 | D:3      | Noticed Crazy Yiuf
  3076 | D:3      | Killed Crazy Yiuf
  3145 | D:4      | Reached skill level 7 in Spellcasting
  3953 | D:5      | Found a runed translucent gate.
  3954 | D:5      | Found a runed translucent gate.
  3954 | D:5      | Noticed deremet's ghost (weakling GnDe)
  3955 | D:5      | Found a runed translucent gate.
  3956 | D:5      | Identified the +0 chain mail "Caysi" {Dex+3 Stlth+}
  3980 | D:5      | Noticed Pikel
  4003 | D:5      | You fall into a shaft and drop 1 floor!
  4640 | D:5      | Killed Pikel
  4641 | D:5      | Reached skill level 9 in Spellcasting
  4641 | D:5      | Reached XP level 8. HP: 56/58 MP: 19/21
  4748 | D:5      | Found a shimmering blue altar of Sif Muna.
  5064 | D:6      | Found a glowing golden altar of the Shining One.
  5105 | D:6      | Reached skill level 10 in Spellcasting
  5336 | D:6      | Reached XP level 9. HP: 59/64 MP: 23/23
  5616 | D:6      | Reached skill level 1 in Armour
  5852 | Temple   | Entered the Ecumenical Temple
  5870 | Temple   | Became a worshipper of Vehumet
  5929 | D:6      | Reached skill level 1 in Ranged Weapons
  6849 | D:8      | Noticed Erica
  6860 | D:8      | Killed Erica
  6949 | D:7      | Reached skill level 5 in Fighting
  6980 | D:8      | Reached XP level 10. HP: 70/74 MP: 24/24
  7170 | D:8      | Noticed Prince Ribbit
  7250 | D:8      | Killed Prince Ribbit
  7303 | D:9      | Noticed a boulder beetle
  7477 | D:9      | Reached skill level 5 in Ranged Weapons
  7494 | D:9      | Reached * piety under Vehumet
  7494 | D:9      | Offered knowledge of Shock by Vehumet.
  7495 | D:9      | Reached skill level 5 in Armour
  7497 | D:9      | Learned a level 1 spell: Shock
  7501 | D:9      | Learned a level 3 spell: Hailstorm
  7503 | D:9      | Found a staircase to the Lair.
  7506 | D:9      | Noticed a rime drake
  7536 | D:9      | Found a flagged portal.
  7547 | Bailey   | Entered a bailey
  7712 | Bailey   | Reached skill level 1 in Conjurations
  7712 | Bailey   | Reached skill level 1 in Ice Magic
  8468 | Bailey   | Reached skill level 1 in Staves
  8947 | D:9      | You fall into a shaft and drop 1 floor!
  8947 | D:10     | Entered Level 10 of the Dungeon
  9452 | D:8      | Offered knowledge of Kiss of Death by Vehumet.
  9506 | D:8      | Reached ** piety under Vehumet
  9638 | D:8      | Found a basalt altar of Yredelemnul.
  9668 | D:8      | Reached skill level 1 in Evocations
  9730 | D:8      | Reached XP level 11. HP: 48/77 MP: 25/25
 10555 | D:9      | Found a staircase to the Orcish Mines.
 10636 | D:9      | Reached skill level 5 in Ice Magic
 10726 | D:9      | Offered knowledge of Static Discharge by Vehumet.
 10735 | D:9      | Reached skill level 5 in Conjurations
 11010 | Orc:1    | Entered Level 1 of the Orcish Mines
 11126 | Orc:1    | Noticed an orc knight
 11147 | Orc:2    | Entered Level 2 of the Orcish Mines
 11148 | Orc:2    | Reached *** piety under Vehumet
 11195 | Orc:1    | Noticed an orc sorcerer
 11417 | D:10     | Found a shimmering altar of Xom.
 11518 | D:10     | Noticed Lodul
 12002 | D:10     | Offered knowledge of Iskenderun's Mystic Blast by Vehumet.
 12008 | D:10     | Learned a level 4 spell: Iskenderun's Mystic Blast
 12024 | D:10     | Reached skill level 1 in Air Magic
 12025 | D:10     | Killed Lodul
 12026 | D:10     | Reached skill level 1 in Translocations
 12086 | D:11     | Noticed a boulder beetle
 12109 | D:10     | You fall into a shaft and drop 1 floor!
 12638 | D:11     | Learned a level 4 spell: Passage of Golubria
 12655 | D:11     | Noticed a cyclops
 12660 | D:11     | Found Sulios's General Store.
 12667 | D:11     | Bought a scroll of identify for 28 gold pieces
 12667 | D:11     | Bought a scroll of vulnerability for 56 gold pieces
 12667 | D:11     | Bought a potion of curing for 42 gold pieces
 12716 | D:11     | Noticed a boulder beetle
 13080 | D:11     | You fall into a shaft and drop 1 floor!
 13199 | D:13     | Noticed a centaur warrior
 13224 | D:12     | Noticed a five-headed hydra
 13229 | D:12     | Noticed a cyclops
 13235 | D:12     | Found the +3 pair of gauntlets of War {Slay+5}
 13248 | D:12     | Noticed a manticore
 13313 | D:12     | Noticed an orc knight
 13342 | D:12     | Noticed an eight-headed hydra
 13444 | D:11     | Killed a boulder beetle
 13445 | D:11     | Reached XP level 12. HP: 17/86 MP: 26/26
 13693 | D:11     | Killed a boulder beetle
 13869 | D:11     | Reached skill level 5 in Translocations
 14238 | D:2      | Bought a scroll of poison for 44 gold pieces
 14297 | D:3      | Bought the +9 sword of Zonguldrok {reap} for 1040 gold
                  | pieces
 14297 | D:3      | Found the +9 sword of Zonguldrok {reap}
 14528 | D:9      | Killed a boulder beetle
 14529 | D:9      | Reached skill level 1 in Long Blades
 14548 | Lair:1   | Entered Level 1 of the Lair of Beasts
 14935 | Lair:1   | You fall into a shaft and drop 1 floor!
 15133 | Lair:2   | You fall into a shaft and drop 1 floor!
 15211 | Lair:2   | Found a staircase to the Shoals.
 15214 | Lair:2   | You fall into a shaft and drop 2 floors!
 15511 | Lair:5   | Entered Level 5 of the Lair of Beasts
 15616 | Lair:3   | Noticed a boulder beetle
 15822 | Lair:2   | Reached **** piety under Vehumet
 15922 | Lair:2   | Offered knowledge of Ignite Poison by Vehumet.
 16326 | Lair:2   | Reached XP level 13. HP: 82/95 MP: 27/27
 16483 | Lair:2   | Found the +8 whip "Snakebite" {venom, curare, rPois}
 16605 | Lair:2   | Found a hole to the Spider Nest.
 16762 | Lair:1   | Reached skill level 5 in Long Blades
 16762 | Lair:1   | Identified the +3 long sword "Ifyreca" {freeze, rElec Will+
                  | Str+2}
 17758 | Lair:3   | You fall into a shaft and drop 2 floors!
 17777 | Lair:5   | HP: 3/98 [ynoxinul/iron shot (22)]
 17777 | Lair:5   | HP: 1/98 [ufetubus[a ynoxinul] (2)]
 17780 | Lair:5   | Slain by a small abomination

Illustrated notes

Levels and vault maps discovered:
D:1:      lightli_arrival_boilingwater, layout_rooms,
          shapermc_ecumenical_altar_ellora, minivault_5
D:2:      cheibrodos_old_hovel, layout_loops_corners, serial_shops,
          nicolae_shop_statue_plus
D:3:      layout_rooms, serial_shops, shop, small_statue_intersection,
          minmay_ogre_servants, uniq_crazy_yiuf_cottage, uniq_terence
D:4:      layout_basic
D:5:      layout_basic, tgw_sif, mainiacjoe_overflow_surrounded_room,
          serial_co_window_serial, co_window_corner_a, co_window_corner_a,
          co_window_cross_1, co_window_paths_a, co_window_paths_a,
          co_window_corner_a, co_window_paths_a, co_window_paths_b,
          co_window_paths_a, co_window_2corner, co_window_of_opportunity_b,
          co_window_of_opportunity_c, co_window_4corner_a, co_window_4corner_b,
          biasface_ghost_orc_armoury, uniq_pikel
D:6:      layout_cave_pods, tso_metal_star, minmay_temple_entry_hall,
          nicolae_sextant
D:7:      layout_basic
D:8:      layout_gridville, lemuel_mausoleum_altar_yredelemnul,
          nicolae_eternal_life, uniq_erica, uniq_prince_ribbit1
D:9:      layout_basic, hellmonk_lair_entry_icy, erik_orc_1, enter_bailey_6
D:10:     layout_loops_cross, lemuel_doored_altar, uniq_lodul
D:11:     layout_rooms, serial_shops, shop, gauntlet_entry_generic,
          hangedman_abyss_or_decor_stabs, kennysheep_nondescript, minmay_holes
D:12:     layout_loops_corners, serial_shops, nicolae_shop_rolling_square,
          palyth_stone_intersect, minmay_fractal_squares_gapless_7
D:13:     layout_roguey, serial_shops, nicolae_shop_just_a_little_nook,
          nemelex_diamond_rough_becter, uniq_nessos, uniq_josephine
Temple:   nicolae_temple_bog_church
Lair:1:   layout_regular_city, beast_lair_carwin_8
Lair:2:   minmay_guarded_unrand_snakebite, layout_layer_cave,
          minmay_shoals_entry_centaurs, spider_nest_entry_webs,
          chequers_serial_rivers_small_a
Lair:3:   layout_roguey, portal_ice_cave_entry_ice_simulacra, wad_woods_01
Lair:4:   layout_concentric_octagons, slime_entry_2
Lair:5:   hellmonk_lair_end_abyssal_woods, layout_concentric_octagons,
          gammafunk_ghost_icy, uniq_sonja
Orc:1:    layout_diamond_mine
Orc:2:    st_orc_elflike, layout_diamond_mine, serial_shops, shop, basic_altar

Skill      XL: |  1  2  3  4  5  6  7  8  9 10 11 12 13 |
---------------+----------------------------------------+-----
Spellcasting   | 2 3 4 5 6 9 10 | 10.2
Dodging        | 2 3 4 |  4.5
Armour         | 3 5 |  5.0
Ranged Weapons | 4 5 |  5.5
Fighting       | 5 6 7 |  7.9
Stealth        | 7 8 |  8.0
Conjurations   | 3 6 7 |  7.0
Ice Magic      | 3 6 |  6.0
Staves         | 2 |  2.6
Evocations     | 1 3 |  3.0
Air Magic      | 1 2 |  2.0
Translocations | 3 7 8 |  8.4
Long Blades    | 4 5 |  5.3
Maces & Flails | |  2.0

Action                     |  1- 3 |  4- 6 |  7- 9 | 10-12 | 13-15 || total
---------------------------+-------+-------+-------+-------+-------++-------
  Melee: Mace              |     7 |       |       |       |       ||     7
         Short sword       |    15 |   236 |    31 |       |       ||   282
         Punch             |       |     6 |     3 |     2 |     3 ||    14
         Quarterstaff      |       |       |   207 |   473 |     1 ||   681
         Scimitar          |       |       |       |    16 |       ||    16
         Double sword      |       |       |       |    72 |    65 ||   137
         Flail             |       |       |       |     9 |     1 ||    10
         Whip              |       |       |       |       |     4 ||     4
   Fire: Sling             |       |       |    21 |       |       ||    21
         Orcbow            |       |       |     5 |   180 |       ||   185
         Arbalest          |       |       |       |    54 |    33 ||    87
  Throw: Boomerang         |       |     6 |    10 |       |       ||    16
         Dart              |       |     6 |     4 |    21 |       ||    31
         Throwing net      |       |       |       |     7 |       ||     7
   Cast: Hailstorm         |       |       |       |    81 |       ||    81
         Iskenderun's Myst |       |       |       |    32 |       ||    32
         Passage of Golubr |       |       |       |     2 |     1 ||     3
Ability: Dig               |       |     2 |       |     2 |     1 ||     5
         Shaft Self        |       |       |     1 |     6 |     1 ||     8
  Evoke: Wand              |       |       |       |    21 |     2 ||    23
         Lightning rod     |       |       |       |     5 |     4 ||     9
         Sack of spiders   |       |       |       |       |     1 ||     1
    Use: Scroll            |       |       |     7 |    10 |     1 ||    18
         Potion            |       |       |       |     9 |     4 ||    13
   Stab: Sleeping          |       |    16 |     7 |    11 |       ||    34
         Paralysed         |       |       |       |    24 |     1 ||    25
         Petrified         |       |       |       |     3 |       ||     3
         Distracted        |       |       |       |       |     2 ||     2
 Armour: Leather armour    |     6 |       |       |       |       ||     6
         Ring mail         |     6 |   147 |   176 |   611 |    93 ||  1033
  Dodge: Dodged            |    11 |   130 |   142 |   515 |    75 ||   873

Table legend: (Time is in decaauts)
 A = Elapsed time spent in this place.
 B = Non-inter-level travel time spent in this place.
 C = Inter-level travel time spent in this place.
 D = Time resting spent in this place.
 E = Time spent auto-exploring this place.
 F = Levels seen in this place.
 G = Mean time per level.
                   A        B        C        D        E       F      G
               +--------+--------+--------+--------+--------+-----+--------+
         Total |  18026 |  16499 |   1527 |   2090 |   8031 |  22 |  819.4 |
       Dungeon |  13173 |  11763 |   1410 |    862 |   6655 |  13 | 1013.3 |
        Temple |     36 |      1 |     35 |      0 |      0 |   1 |   36.0 |
          Lair |   3213 |   3131 |     82 |    649 |   1118 |   5 |  642.6 |
  Orcish Mines |    194 |    194 |      0 |     28 |     62 |   2 |   97.0 |
        Bailey |   1408 |   1408 |      0 |    551 |    196 |   1 | 1408.0 |
               +--------+--------+--------+--------+--------+-----+--------+

Top non-repeatable levels by time:
    D:10: 1618 daAuts
  Lair:2: 1578 daAuts
     D:9: 1499 daAuts
     D:8: 1486 daAuts
     D:5: 1408 daAuts
  Bailey: 1408 daAuts
     D:6: 1350 daAuts
     D:7: 1131 daAuts
     D:4: 1030 daAuts
  Lair:1: 1024 daAuts
     D:2: 923 daAuts
    D:11: 895 daAuts
     D:3: 792 daAuts
     D:1: 642 daAuts
    D:12: 391 daAuts
